| TOP OF THE 1ST |
|
Hartford Yard Goats batting - Pitching for Peoria Chiefs : RHP Ben Cook
|
|
Pitching: RHP Ben Cook
|
|
|
Batting: SHB Eddie Quinones
|
0-0: Ball 1-0: Ball 2-0: Ground out 1-3 (Groundball, 34S, EV 68.8 MPH)
|
|
Batting: SHB Pete Perla
|
0-0: Ball 1-0: Ball 2-0: Foul Ball, location: 2F 2-1: Foul Ball, location: 2F 2-2: Foul Ball, location: 2F 2-2: Ball 3-2: Foul Ball, location: 2F 3-2: Foul Ball, location: 2F 3-2: Base on Balls
|
|
Batting: LHB Jeremy Brammer
|
0-0: Ball 1-0: Called Strike 1-1: Ball 2-1: Foul Ball, location: 2F 2-2: SINGLE (Groundball, 34D, EV 105.6 MPH) Pete Perla to second Runner from 2nd tries for 3rd, SAFE, throw by RF made at trailing runner, OUT! 9-6
|
|
Batting: SHB In-sung Lee
|
0-0: Called Strike 0-1: Fly out, F9 (Flyball, 9, EV 91.9 MPH)
|
| Top of the 1st over - 0 runs, 1 hit, 0 errors, 1 left on base; Hartford 0 - Peoria 0 |
| BOTTOM OF THE 1ST |
|
Peoria Chiefs batting - Pitching for Hartford Yard Goats : LHP Randy Rowland
|
|
Pitching: LHP Randy Rowland
|
|
|
Batting: RHB Josh Martin
|
0-0: Ball 1-0: Ball 2-0: Ball 3-0: Base on Balls
|
|
Batting: RHB Jorge Benites
|
0-0: Foul Ball, location: 2F 0-1: Ball 1-1: Foul Ball, location: 2F 1-2: Fly out, F8 (Flyball, 8LM, EV 81.3 MPH)
|
|
Batting: RHB Terry Baginski
|
0-0: Ball 1-0: Called Strike 1-1: Ball 2-1: Foul Ball, location: 2F 2-2: Ball 3-2: Foul Ball, location: 2F 3-2: Foul Ball, location: 2F 3-2: Base on Balls Josh Martin to second
|
|
Batting: RHB Javier Ochoa
|
0-0: Foul Ball, location: 2F 0-1: Ball 1-1: Swinging Strike 1-2: Ball 2-2: Ball 3-2: Grounds into double play, 3-6-3 (Groundball, 34, EV 106.9 MPH)
|
| Bottom of the 1st over - 0 runs, 0 hits, 0 errors, 1 left on base; Hartford 0 - Peoria 0 |
| TOP OF THE 2ND |
|
Hartford Yard Goats batting - Pitching for Peoria Chiefs : RHP Ben Cook
|
|
Batting: RHB Justin Williams
|
0-0: Called Strike 0-1: Ball 1-1: Foul Ball, location: 2F 1-2: Ground out 5-3 (Groundball, 5L, EV 97.5 MPH)
|
|
Batting: RHB Kian-tat Chen
|
0-0: Ball 1-0: Ball 2-0: Foul Ball, location: 2F 2-1: Ball 3-1: Called Strike 3-2: Ground out 1-3 (Groundball, 13S, EV 72.5 MPH)
|
|
Batting: RHB Eric Delgado
|
0-0: Called Strike 0-1: Foul Ball, location: 2F 0-2: Ball 1-2: Ball 2-2: Fly out, F8 (Line Drive, 8LD, EV 85.6 MPH)
|
| Top of the 2nd over - 0 runs, 0 hits, 0 errors, 0 left on base; Hartford 0 - Peoria 0 |
| BOTTOM OF THE 2ND |
|
Peoria Chiefs batting - Pitching for Hartford Yard Goats : LHP Randy Rowland
|
|
Batting: RHB Bryan Wheeler
|
0-0: Ball 1-0: Called Strike 1-1: Ball 2-1: Ball 3-1: Fly out, F4 (Line Drive, 4, EV 63.8 MPH)
|
|
Batting: RHB Travis Leonard
|
0-0: Ball 1-0: Foul Ball, location: 2F 1-1: Ball 2-1: Ball 3-1: Base on Balls
|
|
Batting: RHB Justin Reich
|
0-0: Ball 1-0: Foul Ball, location: 2F 1-1: Ball 2-1: Grounds into double play, 6-4-3 (Groundball, 6, EV 98.1 MPH)
|
| Bottom of the 2nd over - 0 runs, 0 hits, 0 errors, 0 left on base; Hartford 0 - Peoria 0 |
| TOP OF THE 3RD |
|
Hartford Yard Goats batting - Pitching for Peoria Chiefs : RHP Ben Cook
|
|
Batting: RHB Steve Waltenbery
|
0-0: Ball 1-0: Fly out, F3 (Line Drive, 3, EV 75.0 MPH)
|
|
Batting: LHB Mick Knopp
|
0-0: Called Strike 0-1: Ground out 6-3 (Groundball, 6, EV 106.3 MPH)
|
|
Batting: SHB Eddie Quinones
|
0-0: Fly out, F6 (Popup, 4MD, EV 59.4 MPH)
|
| Top of the 3rd over - 0 runs, 0 hits, 0 errors, 0 left on base; Hartford 0 - Peoria 0 |
| BOTTOM OF THE 3RD |
|
Peoria Chiefs batting - Pitching for Hartford Yard Goats : LHP Randy Rowland
|
|
Batting: LHB Jay Fenderson
|
0-0: Ball 1-0: Fly out, F4 (Popup, 34S, EV 74.4 MPH)
|
|
Batting: RHB Chris Simmons
|
0-0: Ground out 5-3 (Groundball, 56, EV 75.6 MPH)
|
|
Batting: RHB Josh Martin
|
0-0: Foul Ball, location: 2F 0-1: Ball 1-1: Ball 2-1: Swinging Strike 2-2: Fly out, F6 (Line Drive, 6, EV 71.9 MPH)
|
| Bottom of the 3rd over - 0 runs, 0 hits, 0 errors, 0 left on base; Hartford 0 - Peoria 0 |
| TOP OF THE 4TH |
|
Hartford Yard Goats batting - Pitching for Peoria Chiefs : RHP Ben Cook
|
|
Batting: SHB Pete Perla
|
0-0: Ball 1-0: Foul Ball, location: 2F 1-1: Ground out 4-3 (Groundball, 4, EV 79.4 MPH)
|
|
Batting: LHB Jeremy Brammer
|
0-0: Called Strike 0-1: Ground out 5-3 (Groundball, 56, EV 98.8 MPH)
|
|
Batting: SHB In-sung Lee
|
0-0: Called Strike 0-1: Foul Ball, location: 2F 0-2: Ball 1-2: Strikes out swinging
|
| Top of the 4th over - 0 runs, 0 hits, 0 errors, 0 left on base; Hartford 0 - Peoria 0 |
| BOTTOM OF THE 4TH |
|
Peoria Chiefs batting - Pitching for Hartford Yard Goats : LHP Randy Rowland
|
|
Batting: RHB Jorge Benites
|
0-0: Ball 1-0: Foul Ball, location: 2F 1-1: Swinging Strike 1-2: Ball 2-2: Foul Ball, location: 2F 2-2: Foul Ball, location: 2F 2-2: Ground out 6-3 (Groundball, 6, EV 86.9 MPH)
|
|
Batting: RHB Terry Baginski
|
0-0: Foul Ball, location: 2F 0-1: Swinging Strike 0-2: Foul Ball, location: 2F 0-2: Ball 1-2: Ball 2-2: Strikes out swinging
|
|
Batting: RHB Javier Ochoa
|
0-0: Called Strike 0-1: Fly out, F8 (Line Drive, 8LM, EV 111.3 MPH)
|
| Bottom of the 4th over - 0 runs, 0 hits, 0 errors, 0 left on base; Hartford 0 - Peoria 0 |
| TOP OF THE 5TH |
|
Hartford Yard Goats batting - Pitching for Peoria Chiefs : RHP Ben Cook
|
|
Batting: RHB Justin Williams
|
0-0: Called Strike 0-1: Ball 1-1: Ground out 6-3 (Groundball, 6M, EV 85.0 MPH)
|
|
Batting: RHB Kian-tat Chen
|
0-0: Called Strike 0-1: Swinging Strike 0-2: Ball 1-2: Ball 2-2: Ball 3-2: SINGLE (Line Drive, 7LS, EV 106.9 MPH)
|
|
Batting: RHB Eric Delgado
|
0-0: Called Strike 0-1: Ball Kian-tat Chen is caught stealing 2nd base 2-4 1-1: Ball 2-1: Called Strike 2-2: Fly out, F5 (Line Drive, 5, EV 73.1 MPH)
|
| Top of the 5th over - 0 runs, 1 hit, 0 errors, 0 left on base; Hartford 0 - Peoria 0 |
| BOTTOM OF THE 5TH |
|
Peoria Chiefs batting - Pitching for Hartford Yard Goats : LHP Randy Rowland
|
|
Batting: RHB Bryan Wheeler
|
0-0: Called Strike 0-1: Ball 1-1: Ball 2-1: Foul Ball, location: 2F 2-2: Ball 3-2: Foul Ball, location: 2F 3-2: SINGLE (Groundball, 56S, EV 76.9 MPH) (infield hit)
|
|
Batting: RHB Travis Leonard
|
0-0: TRIPLE (Flyball, 89XD, EV 105.0 MPH) Bryan Wheeler scores
|
|
Batting: RHB Justin Reich
|
0-0: Ball 1-0: Ball 2-0: Ball 3-0: Base on Balls
|
|
Batting: LHB Jay Fenderson
|
0-0: Called Strike 0-1: Grounds into double play, 6-4-3 (Groundball, 6, EV 95.6 MPH) Travis Leonard scores
|
|
Batting: RHB Chris Simmons
|
0-0: Called Strike 0-1: Called Strike 0-2: Ball 1-2: Ball 2-2: Ball 3-2: Foul Ball, location: 2F 3-2: Foul Ball, location: 2F 3-2: Base on Balls
|
|
Pitching: RHP Joe Goodale
|
|
|
Batting: RHB Josh Martin
|
0-0: Ball 1-0: Ball 2-0: Foul Ball, location: 2F 2-1: Ball 3-1: Foul Ball, location: 2F 3-2: Base on Balls Chris Simmons to second
|
|
Batting: RHB Jorge Benites
|
0-0: Swinging Strike 0-1: Ball 1-1: Ball 2-1: Ball 3-1: Base on Balls Chris Simmons to third Josh Martin to second
|
|
Batting: RHB Terry Baginski
|
0-0: Called Strike 0-1: Called Strike 0-2: Strikes out swinging
|
| Bottom of the 5th over - 2 runs, 2 hits, 0 errors, 3 left on base; Hartford 0 - Peoria 2 |
| TOP OF THE 6TH |
|
Hartford Yard Goats batting - Pitching for Peoria Chiefs : RHP Ben Cook
|
|
Batting: RHB Steve Waltenbery
|
0-0: Ball 1-0: Ball 2-0: Called Strike 2-1: Foul Ball, location: 2F 2-2: Ball 3-2: Ground out 5-3 (Groundball, 56, EV 103.1 MPH)
|
|
Batting: LHB Mick Knopp
|
0-0: Ball 1-0: Foul Ball, location: 2F 1-1: Foul Ball, location: 2F 1-2: Ball 2-2: Foul Ball, location: 2F 2-2: Ball 3-2: Base on Balls
|
|
Batting: SHB Eddie Quinones
|
0-0: Ball Pickoff Throw to First - Out! 1-3 1-0: Foul Ball, location: 2F 1-1: Ball 2-1: SINGLE (Popup, 5D, EV 65.0 MPH)
|
|
Batting: SHB Pete Perla
|
0-0: Ball 1-0: Called Strike Eddie Quinones steals 2nd base 1-1: Ground out 5-3 (Groundball, 56, EV 86.3 MPH)
|
| Top of the 6th over - 0 runs, 1 hit, 0 errors, 1 left on base; Hartford 0 - Peoria 2 |
| BOTTOM OF THE 6TH |
|
Peoria Chiefs batting - Pitching for Hartford Yard Goats : RHP Joe Goodale
|
|
Batting: RHB Javier Ochoa
|
0-0: Ball 1-0: Foul Ball, location: 2F 1-1: Swinging Strike 1-2: Ball 2-2: Strikes out looking
|
|
Batting: RHB Bryan Wheeler
|
0-0: Foul Ball, location: 2F 0-1: Ball 1-1: Ball 2-1: Ground out 5-3 (Groundball, 56, EV 103.8 MPH)
|
|
Batting: RHB Travis Leonard
|
0-0: Foul Ball, location: 2F 0-1: Ball 1-1: Swinging Strike 1-2: Ground out 5-3 (Groundball, 56, EV 83.1 MPH)
|
| Bottom of the 6th over - 0 runs, 0 hits, 0 errors, 0 left on base; Hartford 0 - Peoria 2 |
| TOP OF THE 7TH |
|
Hartford Yard Goats batting - Pitching for Peoria Chiefs : RHP Ben Cook
|
|
Pitching: LHP Kai Klindt
|
|
|
Batting: LHB Jeremy Brammer
|
0-0: Ground out 6-3 (Groundball, 6, EV 76.9 MPH)
|
|
Pitching: RHP Steve Barnett
|
|
|
Batting: SHB In-sung Lee
|
0-0: Called Strike 0-1: Foul Ball, location: 2F 0-2: Ball 1-2: Strikes out looking
|
|
Batting: RHB Justin Williams
|
0-0: Foul Ball, location: 2F 0-1: Ball 1-1: Foul Ball, location: 2F 1-2: Foul Ball, location: 2F 1-2: Fly out, F8 (Flyball, 8LM, EV 93.1 MPH)
|
| Top of the 7th over - 0 runs, 0 hits, 0 errors, 0 left on base; Hartford 0 - Peoria 2 |
| BOTTOM OF THE 7TH |
|
Peoria Chiefs batting - Pitching for Hartford Yard Goats : RHP Joe Goodale
|
|
Pitching: RHP Tony Barragan
|
|
|
Batting: RHB Justin Reich
|
0-0: Ball 1-0: Ball 2-0: Ball 3-0: Base on Balls
|
|
Batting: LHB Jay Fenderson
|
0-0: Ball 1-0: Swinging Strike 1-1: DOUBLE (Line Drive, 89D, EV 101.3 MPH) Justin Reich to third
|
|
Batting: RHB Chris Simmons
|
0-0: Ball 1-0: Fly out, F9 (Flyball, 89M, EV 96.9 MPH)
|
|
Batting: RHB Josh Martin
|
0-0: Ball 1-0: Ball 2-0: Swinging Strike 2-1: Foul Ball, location: 2F 2-2: Foul Ball, location: 2F 2-2: Ball 3-2: Foul Ball, location: 2F 3-2: Base on Balls
|
|
Batting: RHB Jorge Benites
|
0-0: Ball 1-0: Ball 2-0: Called Strike 2-1: DOUBLE (Line Drive, 8RXD, EV 105.6 MPH) Justin Reich scores Jay Fenderson scores Josh Martin to third Runner from 3rd tries for Home, SAFE, no throw by CF
|
|
Pitching: LHP Eric Zielinski
|
|
|
Batting: RHB Terry Baginski
|
0-0: Swinging Strike 0-1: Hit by Pitch
|
|
Batting: RHB Javier Ochoa
|
0-0: Foul Ball, location: 2F 0-1: Swinging Strike 0-2: Strikes out swinging
|
|
Batting: RHB Bryan Wheeler
|
0-0: Called Strike 0-1: Fly out, F9 (Flyball, 9LD, EV 97.5 MPH)
|
| Bottom of the 7th over - 3 runs, 2 hits, 0 errors, 2 left on base; Hartford 0 - Peoria 5 |
| TOP OF THE 8TH |
|
Hartford Yard Goats batting - Pitching for Peoria Chiefs : RHP Steve Barnett
|
|
Batting: RHB Kian-tat Chen
|
0-0: Called Strike 0-1: Ball 1-1: Called Strike 1-2: Fly out, F9 (Flyball, 89XD, EV 103.1 MPH)
|
|
Batting: RHB Eric Delgado
|
0-0: Ground out 6-3 (Groundball, 6, EV 80.0 MPH)
|
|
Batting: RHB Steve Waltenbery
|
0-0: Foul Ball, location: 2F 0-1: Ground out 4-3 (Groundball, 4, EV 92.5 MPH)
|
| Top of the 8th over - 0 runs, 0 hits, 0 errors, 0 left on base; Hartford 0 - Peoria 5 |
| BOTTOM OF THE 8TH |
|
Peoria Chiefs batting - Pitching for Hartford Yard Goats : LHP Eric Zielinski
|
|
Batting: RHB Travis Leonard
|
0-0: Ball 1-0: Ball 2-0: Called Strike 2-1: Called Strike 2-2: Fly out, F7 (Flyball, 7LD, EV 79.4 MPH)
|
|
Batting: RHB Justin Reich
|
0-0: Foul Ball, location: 2F 0-1: Ball 1-1: DOUBLE (Line Drive, 9LM, EV 95.6 MPH)
|
|
Pitching: RHP Travis Porter
|
|
|
Batting: LHB Jay Fenderson
|
0-0: Called Strike 0-1: Ball 1-1: Swinging Strike 1-2: Ground out 5-3 (Groundball, 5S, EV 94.4 MPH)
|
|
Batting: RHB Chris Simmons
|
0-0: Ball 1-0: Ball 2-0: Ball 3-0: Called Strike 3-1: Base on Balls
|
|
Batting: RHB Josh Martin
|
0-0: Called Strike 0-1: Ball 1-1: Foul Ball, location: 2F 1-2: Ball 2-2: Ball 3-2: Fly out, F8 (Flyball, 8LS, EV 90.0 MPH)
|
| Bottom of the 8th over - 0 runs, 1 hit, 0 errors, 2 left on base; Hartford 0 - Peoria 5 |
| TOP OF THE 9TH |
|
Hartford Yard Goats batting - Pitching for Peoria Chiefs : RHP Steve Barnett
|
|
Batting: LHB Mick Knopp
|
0-0: Called Strike 0-1: Ball 1-1: Foul Ball, location: 2F 1-2: Ball 2-2: Strikes out looking
|
|
Batting: SHB Eddie Quinones
|
0-0: Foul Ball, location: 2F 0-1: Ball 1-1: Ball 2-1: Foul Ball, location: 2F 2-2: Ball 3-2: Foul Ball, location: 2F 3-2: Foul Ball, location: 2F 3-2: SINGLE (Flyball, 89S, EV 93.8 MPH)
|
|
Batting: SHB Pete Perla
|
0-0: Ball 1-0: Foul Ball, location: 2F 1-1: Foul Ball, location: 2F 1-2: Ball 2-2: Strikes out swinging
|
|
Batting: LHB Jeremy Brammer
|
0-0: DOUBLE (Groundball, 3L, EV 100.6 MPH) Eddie Quinones to third
|
|
Batting: SHB In-sung Lee
|
0-0: Called Strike 0-1: Ground out U3 (Groundball, 3L, EV 89.4 MPH)
|
| Top of the 9th over - 0 runs, 2 hits, 0 errors, 2 left on base; Hartford 0 - Peoria 5 |
|